 Dungeon Crawl Stone Soup version 0.19.1 (webtiles) character file.

776 JeffiDaFish the Shield-Bearer (level 7, -4/44 HPs)
             Began as a Gargoyle Fighter on Dec 2, 2016.
             Slain by a steam dragon (7 damage)
             ... on level 5 of the Dungeon.
             The game lasted 00:07:31 (3971 turns).

JeffiDaFish the Shield-Bearer (Gargoyle Fighter)    Turns: 3971, Time: 00:07:32

Health: -4/44      AC: 14    Str: 19    XL:     7   Next: 84%
Magic:  7/7        EV:  6    Int:  9    God:
Gold:   180        SH: 10    Dex: 11    Spells: 0 memorised, 6 levels left

rFire  . . .     SeeInvis +     a - +0 flail
rCold  . . .     Gourm    .     i - -1 chain mail (curse)
rNeg   + . .     Faith    .     c - +0 shield
rPois  ∞         Spirit   .     (no helmet)
rElec  +         Reflect  .     h - +0 cloak
rCorr  .         Harm     .     (no gloves)
MR     .....                    (no boots)
Stlth  ..........               (no amulet)
                                (no ring)
                                l - ring of see invisible

@: no status effects
A: negative energy resistance 1, electricity resistance, unbreathing,
petrification resistance, rot immunity, AC +4
a: no special abilities


You were on level 5 of the Dungeon.
You were not hungry.

You visited 2 branches of the dungeon, and saw 6 of its levels.

You collected 180 gold pieces.

Inventory:

Hand Weapons
 a - a +0 flail (weapon)
Armour
 c - a +0 shield (worn)
 h - a +0 cloak (worn)
 i - a cursed -1 chain mail (worn)
Jewellery
 l - a ring of see invisible (left hand)
Wands
 t - a wand of slowing (4/48)
Scrolls
 b - 2 scrolls of remove curse
 g - 3 scrolls of identify
 k - a scroll of amnesia
 o - a scroll of recharging
 q - 2 scrolls of fear
 r - 3 scrolls of teleportation
Potions
 d - 2 potions of might
 e - 2 potions of flight
 m - 2 potions of agility
 p - a potion of cure mutation
Comestibles
 f - 4 bread rations
 j - a beef jerky
 n - 3 chunks of flesh
 s - a meat ration


   Skills:
 + Level 4.8 Fighting
 + Level 5.2 Maces & Flails
 + Level 5.2 Armour
 + Level 0.8 Dodging
 + Level 0.2 Stealth
 + Level 5.9 Shields


You had 6 spell levels left.
You didn't know any spells.

Dungeon Overview and Level Annotations

Branches:
Dungeon (5/15)             Temple (1/1) D:5

Altars:
Cheibriados
Elyvilon
Fedhas
Hepliaklqana
Kikubaaqudgha
Nemelex Xobeh
Qazlal
Ru
Trog
Uskayaw
Vehumet
Xom
The Shining One

Shops:
D:4 ?


Innate Abilities, Weirdness & Mutations

You are resistant to torment.
Your stone body is resilient. (AC +4)
You are immune to poison.
You resist negative energy. (rN+)
You are resistant to electric shocks. (rElec)
You can survive without breathing.
You are immune to petrification.
You are immune to rotting.


Message History

You block the steam dragon's attack.
Really walk into that cloud of steam? [Y]es or [N]o only, please.
Really walk into that cloud of steam? [Y]es or [N]o only, please.
Really walk into that cloud of steam? [Y]es or [N]o only, please.
Really walk into that cloud of steam? [Y]es or [N]o only, please.
Really walk into that cloud of steam?
Okay, then.
You barely miss the steam dragon.
The steam dragon is heavily wounded.
You block the steam dragon's attack.
The steam dragon claws you but does no damage.
The steam dragon bites you.
* * * LOW HITPOINT WARNING * * *
The steam dragon claws you but does no damage.
The steam dragon bites you!
You die...

.......#####.#.##.#.############.
###..........#....#............'.
#(####...#####################.
#............................'.
######.####....#################.
.......># ####...###########.....
######.####PP###.............####
#.# ≈PPPPP###############P.P #.#
....PPD@§§PP#######.PP≈≈ #.#
......D§.§§....≈≈.≈.P.P. #.#
.%..P.P≈....P≈≈......... #.#
≈...P.#########..≈≈≈≈≈.≈
#.##≈PP..# ########≈. #..##.≈.#
.# ### ##..###########.#
##.............# #
#####.........# .


You could see 2 steam dragons.

Vanquished Creatures
  Grinder (D:5)
  2 jellies
  A centaur skeleton (D:4)
  A hound (D:5)
  2 orc wizards (D:4)
  Jessica (D:3)
  An iguana (D:4)
  4 worker ants
  2 hound skeletons (D:4)
  2 worker ant zombies (D:5)
  12 adders
  2 worms
  2 dart slugs
  3 leopard geckos
  10 orcs
  3 giant cockroaches
  10 goblins
  6 hobgoblins
  5 jackals
  4 quokkas
  8 bats
  2 frilled lizards
  A jackal skeleton (D:4)
  9 kobolds
  A leopard gecko skeleton (D:4)
  7 rats
102 creatures vanquished.

Vanquished Creatures (others)
  A worker ant (D:4)
  4 fungi (D:5)
5 creatures vanquished.

Grand Total: 107 creatures vanquished

Notes
Turn   | Place    | Note
-------+----------+-------------------------------------------
     0 | D:1      | JeffiDaFish the Gargoyle Fighter began the quest for the Orb.
     0 | D:1      | Reached XP level 1. HP: 14/14 MP: 1/1
   214 | D:1      | Reached XP level 2. HP: 18/19 MP: 2/2
   366 | D:1      | Reached XP level 3. HP: 18/24 MP: 3/3
   886 | D:2      | Found a blossoming altar of Fedhas.
  1263 | D:2      | Reached XP level 4. HP: 29/29 MP: 4/4
  1733 | D:3      | Reached XP level 5. HP: 26/33 MP: 5/5
  1756 | D:3      | Noticed Jessica
  1764 | D:3      | Killed Jessica
  2246 | D:3      | Found a bloodstained altar of Trog.
  2451 | D:4      | Reached skill level 5 in Shields
  2463 | D:4      | Reached XP level 6. HP: 35/38 MP: 6/6
  2473 | D:4      | Found a shimmering altar of Xom.
  2894 | D:4      | Found Dikh's Magic Scroll Emporium.
  3317 | D:4      | Reached XP level 7. HP: 42/44 MP: 7/7
  3353 | D:5      | Entered Level 5 of the Dungeon
  3469 | D:5      | Noticed Grinder
  3492 | D:5      | Killed Grinder
  3492 | D:5      | Reached skill level 5 in Maces & Flails
  3492 | D:5      | Reached skill level 5 in Armour
  3532 | D:5      | Found a staircase to the Ecumenical Temple.
  3536 | Temple   | Entered the Ecumenical Temple
  3960 | D:5      | Noticed a steam dragon
  3964 | D:5      | Noticed a steam dragon
  3971 | D:5      | Slain by a steam dragon

Skill      XL: |  1  2  3  4  5  6  7 |
---------------+----------------------+-----
Shields        | 4 5 |  5.9
Maces & Flails | 3 4 5 |  5.2
Armour         | 4 5 |  5.2
Fighting       | 4 |  4.8
Dodging        | |  0.8
Stealth        | |  0.2

Action                   |  1- 3 |  4- 6 |  7- 9 || total
-------------------------+-------+-------+-------++-------
Melee: Flail             |   121 |   265 |    92 ||   478
  Use: Scroll            |     6 |     3 |       ||     9
       Potion            |     3 |     1 |     1 ||     5
  Eat: Chunk             |     1 |     8 |     2 ||    11
Armor: Scale mail        |    12 |       |       ||    12
       Chain mail        |    64 |   192 |    49 ||   305
Dodge: Dodged            |    46 |    58 |    19 ||   123
Block: Shield            |    75 |   152 |    46 ||   273
